 Dungeon Crawl Stone Soup version 0.20.2-3-g29329e0561 (webtiles) character file.

482 Alfie the Cutter (level 7, -3/60 HPs)
             Began as a Hill Orc Fighter on Nov 16, 2023.
             Slain by Grinder (4 damage)
             ... on level 4 of the Dungeon.
             The game lasted 00:08:39 (2373 turns).

Alfie the Cutter (Hill Orc Fighter)                 Turns: 2373, Time: 00:08:40

Health: -3/60      AC:  8    Str: 21    XL:     7   Next: 12%
Magic:  7/7        EV:  8    Int:  8    God:
Gold:   152        SH:  9    Dex: 10    Spells: 6/6 levels left

rFire    + . .     SeeInvis .   a - +0 rapier
rCold    + . .     Gourm    .   c - +0 shield
rNeg     . . .     Faith    .   b - +0 scale mail
rPois    +         Spirit   .   m - +0 helmet
rElec    +         Reflect  .   (no cloak)
rCorr    +         Harm     .   (no gloves)
MR       .....                  (no boots)
Stlth    ..........             (no amulet)
Regen    0.2/turn               (no ring)
MPRegen  0.1/turn               (no ring)

@: resistant, flying, very slightly contaminated, invisible
A: no striking features
a: no special abilities


You were on level 4 of the Dungeon.
You were not hungry.

You visited 1 branch of the dungeon, and saw 4 of its levels.

You collected 152 gold pieces.

Inventory:

Hand Weapons
 a - a +0 rapier (weapon)
Armour
 b - a +0 scale mail (worn)
 c - a +0 shield (worn)
 m - a +0 helmet (worn)
 v - a +0 pair of gloves
Jewellery
 d - an uncursed ring of flight {unknown}
Scrolls
 e - 3 scrolls of identify {unknown}
 g - a scroll of fog {unknown}
 h - 2 scrolls of teleportation
 i - 4 scrolls of remove curse
 l - 3 scrolls of enchant armour {unknown}
 o - a scroll of random uselessness {unknown}
 p - a scroll of recharging {unknown}
 s - a scroll of noise {unknown}
 t - a scroll of fear {unknown}
Potions
 j - a potion of invisibility
 k - a potion of resistance
 q - a potion of lignification {unknown}
 r - a potion of flight
 u - a potion of curing {unknown}
Comestibles
 f - 3 bread rations
 n - 3 meat rations


   Skills:
 + Level 4.8 Fighting
 + Level 5.1 Short Blades
 + Level 4.4 Armour
 + Level 1.1 Dodging
 + Level 4.9 Shields


You had 6 spell levels left.
You didn't know any spells.

Dungeon Overview and Level Annotations

Branches:
Dungeon (4/15)
 Temple: D:4-7

Altars:
Makhleb
Qazlal

Annotations:
D:4 Grinder


Message History

You feel protected. Grinder hits you!
* * * LOW HITPOINT WARNING * * *
You writhe in agony.
* * * LOW HITPOINT WARNING * * *
It was a potion of flight.
You feel very buoyant.
You fly up into the air.
Grinder gestures at you. You resist with significant effort.
You barely miss Grinder. Grinder barely misses you.
You hit Grinder.
Grinder is lightly wounded.
You block Grinder's attack.
You barely miss Grinder.
Grinder is lightly wounded.
Grinder hits you.
* * * LOW HITPOINT WARNING * * *
You writhe in agony.
You die...

#. #. #.. ###
#..##<#
#.....######.#
##.#..)5@....#
#.#..######).#
#....#
.#####..##
.........#
###...........5
#..≈≈≈≈?≈≈o≈o
#..≈≈≈≈.≈≈≈≈s
#..≈≈≈≈.≈≈≈≈≈


You could see Grinder.

Vanquished Creatures
  A sky beast (D:4)
  The ghost of Alfie the Skirmisher, an amateur HOFi (D:3)
  A hound (D:3)
  An orc priest (D:4)
  Jessica (D:2)
  Ijyb (D:3)
  Robin (D:2)
  4 adders
  An ooze (D:2)
  3 dart slugs
  3 worms
  7 leopard geckos
  7 orcs
  11 bats
  5 giant cockroaches
  17 goblins
  11 hobgoblins
  6 jackals
  2 quokkas
  3 frilled lizards
  4 kobolds
  30 rats
121 creatures vanquished.

Notes
Turn   | Place    | Note
-------+----------+-------------------------------------------
     0 | D:1      | Alfie the Hill Orc Fighter began the quest for the Orb.
     0 | D:1      | Reached XP level 1. HP: 19/19 MP: 1/1
    85 | D:1      | Reached XP level 2. HP: 13/27 MP: 2/2
   518 | D:1      | Reached XP level 3. HP: 31/33 MP: 3/3
   676 | D:2      | Noticed Robin
   737 | D:2      | Reached XP level 4. HP: 32/41 MP: 4/4
   858 | D:2      | Killed Robin
  1029 | D:2      | Noticed Jessica
  1050 | D:2      | Killed Jessica
  1050 | D:2      | Reached skill level 3 in Short Blades
  1050 | D:2      | Reached XP level 5. HP: 37/47 MP: 5/5
  1356 | D:3      | Noticed Ijyb
  1419 | D:3      | Killed Ijyb
  1419 | D:3      | Reached skill level 1 in Dodging
  1505 | D:3      | Noticed Alfie's ghost (amateur HOFi)
  1518 | D:3      | Killed Alfie's ghost
  1518 | D:3      | Reached skill level 4 in Short Blades
  1518 | D:3      | Reached XP level 6. HP: 9/53 MP: 6/6
  1592 | D:3      | Found a stormy altar of Qazlal.
  1733 | D:3      | Found a burning altar of Makhleb.
  2317 | D:4      | Noticed Grinder
  2334 | D:4      | Noticed a sky beast
  2347 | D:4      | Killed a sky beast
  2347 | D:4      | Reached skill level 5 in Short Blades
  2347 | D:4      | Reached XP level 7. HP: 21/60 MP: 7/7
  2365 | D:4      | Paralysed by Grinder for 3 turns
  2373 | D:4      | HP: 1/60 [Grinder (6)]
  2373 | D:4      | Slain by Grinder

Skill      XL: |  1  2  3  4  5  6 |
---------------+-------------------+-----
Fighting       | 4 |  4.8
Shields        | 4 |  4.9
Short Blades   | 3 4 5 |  5.1
Armour         | 4 |  4.4
Dodging        | 1 |  1.1

Action                   |  1- 3 |  4- 6 |  7- 9 || total
-------------------------+-------+-------+-------++-------
Melee: Rapier            |   123 |   342 |    21 ||   486
  Use: Scroll            |       |     2 |       ||     2
       Potion            |       |     1 |     3 ||     4
  Eat: Fruit             |       |     2 |       ||     2
       Bread ration      |       |     1 |       ||     1
Armor: Scale mail        |    60 |   161 |     7 ||   228
Dodge: Dodged            |    35 |   116 |     4 ||   155
Block: Shield            |    70 |   200 |     3 ||   273
